 Dungeon Crawl Stone Soup version 0.24-a0-528-g98e85ec62a (webtiles) character file.

Game seed: 1973752155469090136

75388 Gargoyl the Corrupter of Planes (level 15, -2/130 HPs)
             Began as a Centaur Abyssal Knight on Aug 6, 2019.
             Was the Champion of Lugonu.
             Slain by a two-headed ogre
             ... wielding a +0 dire flail
              (20 damage)
             ... on level 15 of the Dungeon.
             The game lasted 00:48:15 (28659 turns).

Gargoyl the Corrupter of Planes (CeAK)             Turns: 28659, Time: 00:48:16

Health: -2/130     AC: 40    Str: 20    XL:     15   Next: 9%
Magic:  33/33      EV:  7    Int: 11    God:    Lugonu [******]
Gold:   1146       SH: 13    Dex: 12    Spells: 14/14 levels left

rFire    . . .     SeeInvis .   B - +5 broad axe "Imp's Bane" {chaos, rC+ Str+2}
rCold    + . .     Gourm    .   K - +0 buckler {AC+3}
rNeg     . . .     Faith    .   G - +8 chain mail {rPois}
rPois    +         Spirit   .   i - +0 helmet
rElec    .         Reflect  +   q - +0 cloak
rCorr    +         Harm     .   s - +2 pair of gloves
MR       +....                  x - +4 centaur barding {Stlth+}
Stlth    ..........             m - brooch of Shielding {Reflect SH+8}
HPRegen  0.31/turn              j - ring of resist corrosion
MPRegen  0.23/turn              l - ring of magical power

@: studying Fighting, very quick
A: large, hooves 3, yellow scales 1, deformed body, speed 2, shaggy fur 1, tough
skin 3
a: Depart the Abyss, Bend Space, Banish, Corrupt, Enter the Abyss, Brand Weapon
With Distortion, Renounce Religion


You were on level 15 of the Dungeon.
You worshipped Lugonu.
Lugonu was exalted by your worship.
You were very hungry.

You visited 2 branches of the dungeon, and saw 21 of its levels.
You visited the Abyss 1 time.
You also visited: Ossuary and Bailey.

You collected 1678 gold pieces.
You spent 532 gold pieces at shops.

Inventory:

Hand Weapons
 d - the +7 scimitar "Egosy" {slice, rF+ rN+ Stlth+}
   (You found it on level 2 of the Abyss)

   It inflicts extra damage upon your enemies.
   It protects you from fire.
   It protects you from negative energy.
   It makes you more stealthy.
 n - a +3 hand axe
 u - the +5 falchion "Heasarei" {freeze, rPois}
   (You found it on level 10 of the Dungeon)

   It has been specially enchanted to freeze those struck by it, causing extra
   injury to most foes and up to half again as much damage against particularly
   susceptible opponents.
   It can also slow down cold-blooded creatures.
   It protects you from poison.
 B - the +5 broad axe "Imp's Bane" (weapon) {chaos, rC+ Str+2}
   (You found it on level 6 of the Lair of Beasts)

   Each time it hits an enemy it has a different, random effect.
   It affects your strength (+2).
   It protects you from cold.
 C - a +4 long sword of holy wrath
Missiles
 v - 20 boomerangs (quivered)
Armour
 i - a +0 helmet (worn)
 q - a +0 cloak (worn)
 s - a +2 pair of gloves (worn)
 x - a +4 centaur barding of stealth (worn)
 G - a +8 chain mail of poison resistance (worn)
 K - a +0 buckler of protection (worn)
Jewellery
 j - a ring of resist corrosion (left hand)
 l - a ring of magical power (right hand)
 m - the brooch of Shielding (around neck) {Reflect SH+8}
   (You took it off a wight on level 7 of the Dungeon)

   [amulet of reflection]

   It shields you and reflects attacks.
   It affects your SH (+8).
 N - an uncursed ring of poison resistance {unknown}
Wands
 r - a wand of flame (21)
 y - a wand of polymorph (7)
 F - a wand of iceblast (3)
 J - a wand of digging (16)
 M - a wand of random effects (12)
 O - a wand of scattershot (7)
Scrolls
 e - 6 scrolls of identify
 f - 18 scrolls of teleportation
 g - 7 scrolls of remove curse
 k - 3 scrolls of blinking
 t - 3 scrolls of magic mapping
 L - 4 scrolls of fear
Potions
 a - 9 potions of heal wounds
 b - 3 potions of cancellation
 h - 6 potions of might
 o - 9 potions of curing
 p - a potion of flight
 w - a potion of ambrosia
 z - 3 potions of agility
 A - 3 potions of resistance
 D - 3 potions of lignification
 E - 6 potions of magic
 I - a potion of berserk rage
Books
 H - a manual of Fighting
Comestibles
 c - 34 rations


   Skills:
 + Level 11.4 Fighting
 + Level 11.5 Long Blades
 + Level 7.7 Axes
 + Level 0.2 Throwing
 * Level 9.3 Armour
 * Level 8.6 Dodging
 + Level 5.9 Shields
 * Level 12.7 Invocations
 + Level 0.1 Evocations


You had 14 spell levels left.
You didn't know any spells.
Your spell library contained the following spells:

 Spells                   Type           Power        Failure   Level  Hunger
 Corona                   Hex            #......      95%         1    ##.....
 Flame Tongue             Conj/Fire      #....        95%         1    ##.....
 Infusion                 Chrm           #...         95%         1    ##.....
 Magic Dart               Conj           #...         95%         1    ##.....
 Shock                    Conj/Air       #...         95%         1    ##.....
 Blink                    Tloc           N/A          98%         2    ###....
 Call Imp                 Summ           #.......     98%         2    ###....
 Ensorcelled Hibernation  Hex/Ice        #.....       98%         2    ###....
 Passwall                 Tmut/Erth      #.......     98%         2    ###....
 Shroud of Golubria       Chrm/Tloc      #.....       98%         2    ###....
 Slow                     Hex            #.......     98%         2    ###....
 Song of Slaying          Chrm           #.......     98%         2    ###....
 Swiftness                Chrm/Air       #.......     98%         2    ###....
 Throw Flame              Conj/Fire      #.....       98%         2    ###....
 Confuse                  Hex            #.......     100%        3    ####...
 Conjure Flame            Conj/Fire      #.......     100%        3    ####...
 Dazzling Spray           Conj/Hex       #.....       100%        3    ####...
 Ignite Poison            Fire/Tmut/Pois #.......     100%        3    ####...
 Inner Flame              Hex/Fire       #.......     100%        3    ####...
 Mephitic Cloud           Conj/Pois/Air  #.......     100%        3    ####...
 Regeneration             Chrm/Necr      #.........   100%        3    ####...
 Spectral Weapon          Hex/Chrm       #.......     100%        3    ####...
 Static Discharge         Conj/Air       #.......     100%        3    ####...
 Tukima's Dance           Hex            #.......     100%        3    ####...
 Airstrike                Air            #.........   100%        4    #####..
 Cause Fear               Hex            #.........   100%        4    #####..
 Olgreb's Toxic Radiance  Pois           #.......     100%        4    #####..
 Sticky Flame             Conj/Fire      #.......     100%        4    #####..
 Throw Icicle             Conj/Ice       #.......     100%        4    #####..
 Fireball                 Conj/Fire      #.........   100%        5    ######.
 Lightning Bolt           Conj/Air       #.........   100%        5    ######.
 Silence                  Hex/Air        #.........   100%        5    ######.
 Yara's Violent Unravell  Hex/Tmut       #.........   100%        5    ######.
 Bolt of Fire             Conj/Fire      #.........   100%        6    #######
 Deflect Missiles         Chrm/Air       #.........   100%        6    #######
 Freezing Cloud           Conj/Ice/Air   #.........   100%        6    #######
 Ozocubu's Refrigeration  Ice            #.........   100%        6    #######
 Discord                  Hex            #.........   100%        8    #######
 Ignition                 Fire           #.........   100%        8    #######
 Shatter                  Erth           #.........   100%        9    #######
 Tornado                  Air            #.........   100%        9    #######


Dungeon Overview and Level Annotations

Branches:
Dungeon (15/15)            Temple (0/1) D:7            Lair (6/6) D:10
  Swamp (0/4) Lair:3       Spider (0/4) Lair:3        Slime (0/5) Lair:5
    Orc (0/2) D:10         Vaults (0/5) D:13
 Depths: D:15

Altars:
Ashenzari
Cheibriados
Kikubaaqudgha
Nemelex Xobeh
Okawaru
Vehumet
Yredelemnul
The Shining One
Jiyva

Shops:
D:4 [   D:13 *   D:15 ?

Annotations:
D:6 1 runed translucent door
Lair:6 corrupted


Innate Abilities, Weirdness & Mutations

You have hooves in place of feet.
Armour fits poorly on your strangely shaped body.
You cover ground very quickly.
You have extremely tough skin. (AC +3)
You are partially covered in yellow scales. (AC +2)
You are covered in fur. (AC +1)


Message History

Aim: a two-headed ogre, wielding a +0 dire flail and a +0 giant club You throw a boomerang.
The boomerang hits the two-headed ogre.
The two-headed ogre is lightly wounded.
You completely miss the two-headed ogre.
The two-headed ogre is lightly wounded.
The two-headed ogre barely misses you.
The two-headed ogre hits you but does no damage. x2
The two-headed ogre hits you with a +0 giant club.
* * * LOW HITPOINT WARNING * * *
You slice the two-headed ogre!!
The two-headed ogre goes berserk!
The two-headed ogre is heavily wounded.
You are feeling very hungry.
You block the two-headed ogre's attack. The two-headed ogre barely misses you.
Unknown command.
The two-headed ogre rages.
The two-headed ogre rages.
The two-headed ogre hits you with a +0 dire flail!
* * * LOW HITPOINT WARNING * * *
The two-headed ogre hits you with a +0 giant club!!
You die...

.........................#
#######..........####.###.#
#..........#...## #.#
##.##.########.## #.#
#....∩# #.# ###.# #..####
#.# #...# #. #.# #.### #
#.####.# ..# # #..@O..##
#.# .# ########...# #.#
#..# #..........######.####
...# #.######........#....#
..# #### ##.##
##.#####)#.##.## ###
...##...## #.# ###.#.#...#
...##...## #.# #.......≈..
#..#....####.# #.#.##.≈...
#.)#.....)...# #.#.#≈≈≈≈≈≈


You could see a two-headed ogre (berserk).

Vanquished Creatures
  Jorgrun (D:12)
  3 vault guards (D:13)
  2 catoblepae
  3 centaur warriors
  2 tengu warriors (D:14)
  9 two-headed ogres
  A queen ant (Lair:2)
  6 death yaks
  A fire crab (shapeshifter) (D:13)
  2 unseen horrors
  2 lindwurms (Lair:4)
  2 wizards (D:14)
  A deep elf mage (D:12)
  2 ugly things
  An orc sorcerer (D:15)
  2 cyclopes
  A manticore (D:12)
  12 elephants (Lair:6)
  2 naga magi (D:15)
  2 black mambas
  A water nymph (shapeshifter) (D:13)
  4 gargoyles
  A torpor snail (Lair:6)
  Psyche (D:11)
  3 spiny frogs
  6 komodo dragons
  A kobold demonologist (D:13)
  A troll (shapeshifter) (D:13)
  3 trolls
  6 polar bears
  5 hornets
  The ghost of SirSavien the Chiller, an amateur BaIE (D:6)
  9 hippogriffs
  A harpy skeleton (D:15)
  11 slime creatures
  A dream sheep (Lair:6)
  A meliai zombie (D:12)
  12 spriggans
  A shadow (D:14)
  2 basilisks
  A wyvern (shapeshifter) (D:14)
  3 wraiths
  30 yaks
  4 hogs (D:11)
  A human (D:11)
  5 hungry ghosts
  5 vampire mosquitoes
  Grum (Lair:1)
  A steam dragon (Lair:6)
  15 soldier ants
  2 acid dragons
  5 water moccasins
  An ice beast (shapeshifter) (D:14)
  17 orc warriors
  7 porcupines
  A swamp drake (D:10)
  3 ice beasts
  6 sky beasts
  5 black bears
  An eye of draining (D:12)
  4 phantoms
  2 necrophages
  4 boggarts
  The ghost of motoroller71 the Chopper, an amateur DsGl (D:4)
  19 centaurs
  21 wolves
  19 ogres
  9 crocodiles
  2 big kobolds
  6 bullfrogs
  A wyvern zombie (D:10)
  7 scorpions
  A wyvern skeleton (D:7)
  12 killer bees
  2 wights
  10 crimson imps
  A howler monkey (D:6)
  5 centaur zombies
  2 bullfrog zombies
  2 quasits
  A hound (D:6)
  4 jellies
  2 centaur skeletons
  A gnoll shaman (D:6)
  6 orc priests
  5 bullfrog skeletons
  5 iguanas
  12 orc wizards
  48 worker ants
  A killer bee zombie (D:7)
  2 hound zombies
  A spectral worker ant (D:6)
  A hound skeleton (D:9)
  A mummy (Ossuary)
  5 worker ant zombies
  Robin (D:4)
  7 gnolls
  A howler monkey skeleton (D:8)
  12 adders
  3 shadow imps
  A worker ant simulacrum (D:6)
  2 oozes
  An adder zombie (D:5)
  2 adder skeletons
  11 worms
  A dart slug (D:1)
  7 leopard geckos
  82 orcs
  10 giant cockroaches
  9 goblins
  7 hobgoblins
  17 jackals
  7 quokkas
  10 bats
  7 frilled lizards
  6 gnoll skeletons (Ossuary)
  30 kobolds
  3 kobold skeletons (Ossuary)
  2 leopard gecko skeletons (D:4)
  16 orc skeletons (Ossuary)
  A quokka simulacrum (D:6)
  16 rats
739 creatures vanquished.

Vanquished Creatures (others)
  9 hydras
  A rakshasa (D:15)
  A centaur warrior (D:14)
  A spiny frog (Lair:6)
  A slime creature (D:13)
  4 dream sheep (Lair:6)
  5 yaks (Lair:6)
  A wyvern (Lair:6)
  3 water moccasins (Lair:6)
  A black bear (Lair:6)
  An ogre (D:15)
  A centaur (D:12)
  A fire vortex (D:15)
  6 fungi (Lair:6)
  5 plants
41 creatures vanquished.

Grand Total: 780 creatures vanquished

Notes
Turn   | Place    | Note
-------+----------+-------------------------------------------
     0 | Abyss:1  | Gargoyl the Centaur Abyssal Knight began the quest for the
                  | Orb.
     0 | Abyss:1  | Reached XP level 1. HP: 19/19 MP: 2/2
    14 | Abyss:2  | Found a hide-covered altar of Uskayaw.
    20 | Abyss:2  | Got an ichor-stained scimitar
    40 | Abyss:2  | Found a hide-covered altar of Uskayaw.
    55 | Abyss:2  | Noticed a starcursed mass
    61 | Abyss:2  | Identified the +7 scimitar "Egosy" {slice, rF+ rN+ Stlth+}
                  | (You found it on level 2 of the Abyss)
    64 | D:1      | Escaped the Abyss
   124 | D:1      | Reached * piety under Lugonu
   154 | D:1      | Reached XP level 2. HP: 13/26 MP: 3/3
   171 | D:1      | Reached skill level 1 in Dodging
   581 | D:1      | Reached XP level 3. HP: 31/31 MP: 4/4
   681 | D:1      | Found a snail-covered altar of Cheibriados.
   715 | D:1      | Reached skill level 1 in Long Blades
  1173 | D:2      | Reached XP level 4. HP: 29/38 MP: 5/5
  1399 | D:2      | Reached ** piety under Lugonu
  2416 | D:2      | Reached XP level 5. HP: 41/45 MP: 6/6
  2619 | D:3      | Found a shattered altar of Ashenzari.
  2860 | D:3      | Gained mutation: Your natural rate of healing is unusually
                  | fast. [potion of mutation]
  2860 | D:3      | Gained mutation: Your flesh is cold resistant. (rC+)
                  | [potion of mutation]
  2860 | D:3      | Gained mutation: You expend magic power (3 MP) to
                  | strengthen your wands. [potion of mutation]
  2861 | D:3      | Lost mutation: You expend magic power (3 MP) to strengthen
                  | your wands. [potion of mutation]
  2861 | D:3      | Lost mutation: Your flesh is cold resistant. (rC+) [potion
                  | of mutation]
  2861 | D:3      | Lost mutation: Your natural rate of healing is unusually
                  | fast. [potion of mutation]
  2861 | D:3      | Gained mutation: You are partially covered in yellow
                  | scales. (AC +2) [potion of mutation]
  2861 | D:3      | Gained mutation: You are covered in fur. (AC +1) [potion of
                  | mutation]
  3655 | D:3      | Found a glowing golden altar of the Shining One.
  3655 | D:3      | Found an ancient bone altar of Kikubaaqudgha.
  3660 | D:3      | Found a faded altar of an unknown god.
  3662 | D:3      | Found a basalt altar of Yredelemnul.
  3663 | D:3      | Found an iron altar of Okawaru.
  3744 | D:4      | Reached *** piety under Lugonu
  3760 | D:4      | Reached skill level 3 in Invocations
  3990 | D:4      | Found a transporter.
  3991 | D:4      | Noticed motoroller71's ghost (amateur DsGl)
  4002 | D:4      | Found a transporter.
  4024 | D:4      | Killed motoroller71's ghost
  4024 | D:4      | Reached XP level 6. HP: 20/52 MP: 8/8
  4668 | D:4      | Got a transparent buckler
  4674 | D:4      | Identified the +2 buckler "Moafag" {*Corrode +Blink rF-
                  | rC++} (You found it on level 4 of the Dungeon)
  4728 | D:4      | Reached XP level 7. HP: 48/58 MP: 9/9
  4820 | D:4      | Noticed Robin
  4823 | D:4      | Killed Robin
  4844 | D:4      | Found Muhuuwko's Antique Armour Shop.
  5109 | D:5      | Entered Level 5 of the Dungeon
  5417 | D:5      | Reached skill level 4 in Invocations
  5550 | D:5      | Reached XP level 8. HP: 57/66 MP: 11/11
  5634 | D:5      | Reached **** piety under Lugonu
  5770 | D:5      | Reached skill level 5 in Long Blades
  6145 | D:6      | Found a radiant altar of Vehumet.
  6279 | D:6      | Found a runed translucent door.
  6281 | D:6      | Found a runed translucent door.
  6311 | D:6      | Reached skill level 5 in Invocations
  6440 | D:6      | Reached XP level 9. HP: 66/72 MP: 12/12
  6528 | D:6      | Found a runed translucent gate.
  6528 | D:6      | Found a runed translucent gate.
  6531 | D:6      | Found a runed translucent gate.
  6533 | D:6      | Noticed SirSavien's ghost (amateur BaIE)
  6668 | D:6      | Found a sand-covered staircase.
  6677 | Ossuary  | Entered an ossuary
  6686 | Ossuary  | Reached ***** piety under Lugonu
  7322 | D:6      | Killed SirSavien's ghost
  7322 | D:6      | Reached skill level 5 in Fighting
  7582 | D:7      | Reached skill level 6 in Invocations
  7843 | D:7      | Found a sparkling altar of Nemelex Xobeh.
  7985 | D:7      | Noticed a komodo dragon
  7999 | D:7      | Noticed a seven-headed hydra
  8549 | D:7      | Reached skill level 5 in Armour
  8750 | D:7      | Identified Sif Muna's Handbook of Intoxication and Snow
  8888 | D:7      | Noticed a gargoyle
  8891 | D:7      | Reached XP level 10. HP: 45/81 MP: 14/14
  8900 | D:7      | Killed a gargoyle
  8931 | D:7      | Got a vibrating granite ring
  9520 | D:7      | Found a staircase to the Ecumenical Temple.
  9709 | D:8      | Got a polished hand axe
  9710 | D:8      | Identified the cursed +1 hand axe of the Omega Point {vamp,
                  | rPois rC+ Dex+2 Stlth+} (You found it on level 8 of the
                  | Dungeon)
 10081 | D:8      | Reached skill level 7 in Invocations
 10287 | D:8      | Identified the ring of Wutiamp {Fire Dex+3} (You found it
                  | on level 7 of the Dungeon)
 10941 | D:9      | Got a steaming flail
 10942 | D:9      | Identified the cursed +1 flail of Pag Tenn {vamp, rF+ rC-
                  | Str+2 Int+2} (You found it on level 9 of the Dungeon)
 10963 | D:9      | Reached ****** piety under Lugonu
 11463 | D:10     | Entered Level 10 of the Dungeon
 11468 | D:10     | Found a staircase to the Lair.
 11487 | D:10     | Reached skill level 5 in Dodging
 11644 | D:10     | Reached skill level 1 in Shields
 11905 | D:10     | Got a pitted falchion
 11906 | D:10     | Identified the +5 falchion "Heasarei" {freeze, rPois} (You
                  | found it on level 10 of the Dungeon)
 12156 | D:10     | Reached XP level 11. HP: 61/91 MP: 16/16
 12422 | D:10     | Found a staircase to the Orcish Mines.
 12838 | Lair:1   | Entered Level 1 of the Lair of Beasts
 13244 | Lair:1   | Noticed Grum
 13261 | Lair:1   | Killed Grum
 13267 | Lair:1   | Reached skill level 8 in Invocations
 13776 | Lair:2   | Noticed a queen ant
 13796 | Lair:2   | Killed a queen ant
 14198 | Lair:2   | Noticed a death yak
 14198 | Lair:2   | Noticed a death yak
 14198 | Lair:2   | Noticed a death yak
 14253 | Lair:2   | Killed a death yak
 14262 | Lair:2   | Noticed a death yak
 14264 | Lair:2   | Noticed a death yak
 14264 | Lair:2   | Noticed a death yak
 14307 | Lair:2   | Killed a death yak
 14307 | Lair:2   | Reached skill level 10 in Long Blades
 14319 | Lair:2   | Killed a death yak
 14326 | Lair:2   | Noticed a seven-headed hydra
 14671 | Lair:1   | Killed a death yak
 14671 | Lair:1   | Reached XP level 12. HP: 68/103 MP: 18/18
 14680 | Lair:1   | Killed a death yak
 14854 | Lair:2   | Killed a death yak
 14861 | Lair:2   | Banished a seven-headed hydra
 14861 | Lair:2   | Reached skill level 9 in Invocations
 15584 | Lair:3   | Identified a scroll of acquirement
 15597 | Lair:3   | Found a hole to the Spider Nest.
 15986 | Lair:3   | Noticed a five-headed hydra
 15987 | Lair:3   | Banished a five-headed hydra
 16064 | Lair:3   | Noticed a four-headed hydra
 16065 | Lair:3   | Noticed a seven-headed hydra
 16073 | Lair:3   | Banished a four-headed hydra
 16074 | Lair:3   | Banished a seven-headed hydra
 16283 | Lair:3   | Noticed a four-headed hydra
 16285 | Lair:3   | Banished a four-headed hydra
 16558 | Lair:3   | Found a staircase to the Swamp.
 16612 | Lair:4   | Noticed a five-headed hydra
 16613 | Lair:4   | Banished a five-headed hydra
 16657 | Lair:4   | Reached skill level 10 in Invocations
 16724 | Lair:4   | Noticed a seven-headed hydra
 16725 | Lair:4   | Banished a seven-headed hydra
 17928 | Lair:5   | Found a viscous altar of Jiyva.
 17930 | Lair:5   | Found a staircase to the Slime Pits.
 18075 | Lair:5   | Got a smoking rapier
 18076 | Lair:5   | Identified the cursed +0 rapier "Hiudgh" {speed, rC++} (You
                  | found it on level 5 of the Lair of Beasts)
 18427 | Lair:6   | Entered Level 6 of the Lair of Beasts
 18546 | Lair:6   | Reached XP level 13. HP: 75/111 MP: 21/21
 19023 | Lair:6   | Reached skill level 11 in Invocations
 19521 | Lair:6   | Reached skill level 10 in Fighting
 19823 | Lair:6   | Corrupted Lair:6
 19823 | Lair:6   | Noticed an ancient lich
 19842 | Lair:6   | Noticed a tentacled starspawn
 20012 | Lair:6   | Got an encrusted broad axe
 20013 | Lair:6   | Identified the +5 broad axe "Imp's Bane" {chaos, rC+ Str+2}
                  | (You found it on level 6 of the Lair of Beasts)
 21841 | D:11     | Noticed Psyche
 21855 | D:11     | Killed Psyche
 22746 | D:12     | Reached skill level 5 in Shields
 23300 | D:12     | Noticed Jorgrun
 23310 | D:12     | Killed Jorgrun
 23310 | D:12     | Reached XP level 14. HP: 105/122 MP: 22/22
 24137 | D:13     | Found a gate to the Vaults.
 24232 | D:13     | Found a flagged portal.
 24238 | Bailey   | Entered a bailey
 24274 | Bailey   | Reached skill level 12 in Invocations
 24408 | Bailey   | Reached skill level 5 in Axes
 24777 | Bailey   | Identified Utziosu's Guide on the Dusty Volcanoes
 25075 | D:13     | Found Jeroin's Island Escapes.
 25801 | D:13     | Bought a scroll of blinking for 105 gold pieces
 25801 | D:13     | Bought a scroll of teleportation for 42 gold pieces
 25801 | D:13     | Bought a scroll of blinking for 105 gold pieces
 27209 | D:15     | Entered Level 15 of the Dungeon
 28164 | D:15     | Found Atuw's Magic Scroll Emporium.
 28181 | D:15     | Bought a scroll of teleportation for 51 gold pieces
 28181 | D:15     | Bought a scroll of teleportation for 51 gold pieces
 28181 | D:15     | Bought a scroll of teleportation for 51 gold pieces
 28181 | D:15     | Bought a scroll of enchant armour for 127 gold pieces
 28524 | D:15     | Reached XP level 15. HP: 54/130 MP: 24/24
 28659 | D:15     | Slain by a two-headed ogre

Levels and vault maps discovered:
D:1:      dpeg_arrival_ratfight, layout_basic, cheibriados_altar_1
D:2:      layout_loops_corners, lexackson_kobold_supper
D:3:      layout_basic, chequers_temple_overflow_minitemple,
          nicolae_ashenzari_panopticon
D:4:      layout_loops_cross, serial_shops, kennysheep_little_box,
          gammafunk_ghost_mausoleum, uniq_robin
D:5:      layout_rooms, first_ration
D:6:      lemuel_insect_pit, layout_loops_ring, lemuel_coloured_pillars_altar,
          gammafunk_ghost_necromancy, chequers_ossuary_entry_cave
D:7:      minmay_the_grid_triangle_9x9_rhombus_thin
          [minmay_the_grid_triangle_9x9_impossible_snake,
          minmay_the_grid_triangle_9x9_prize_center,
          minmay_the_grid_triangle_9x9_skeleton,
          minmay_the_grid_triangle_9x9_warning], layout_gridville,
          nemelex_xobeh_ov_fountains_minmay, minmay_temple_entry_butterflies,
          minmay_manual_monolith
D:8:      layout_cave_pools
D:9:      layout_stronghold
D:10:     layout_roguey, lair_entry_dummy, erik_orc_1
D:11:     layout_grid_maze, grunt_livestock, hangedman_decor_peaks_small,
          uniq_psyche
D:12:     minmay_curly_fans, layout_stronghold, uniq_jorgrun
D:13:     layout_cave_pools, lightli_vaults_fourway_checkpoint, enter_bailey_2,
          gauntlet_entry_generic, nicolae_island_escapes
D:14:     layout_loops_ring
D:15:     grunt_enter_depths_magical_seal, layout_loops_ring, serial_shops,
          shop, chequers_serial_rivers_micro_e, kb_tengu_band
Lair:1:   layout_concentric_octagons, uniq_grum
Lair:2:   layout_regular_city, zaba_anthell
Lair:3:   layout_roguey, palyth_hydra_swamp_entry,
          nicolae_spider_entry_non_spiders
Lair:4:   layout_loops_ring, minmay_lindwurm_lava
Lair:5:   layout_roguey, slime_altar_1
Lair:6:   minmay_lair_end_enchanted_forest, layout_cave_pods

Skill      XL: |  1  2  3  4  5  6  7  8  9 10 11 12 13 14 |
---------------+-------------------------------------------+-----
Dodging        | 1 2 3 4 5 6 7 8 |  8.6
Long Blades    | 1 2 3 4 6 7 8 10 11 | 11.5
Armour         | 2 3 4 5 6 7 8 9 |  9.3
Invocations    | 3 4 5 6 7 8 10 11 12 | 12.7
Fighting       | 4 5 6 8 9 10 11 | 11.4
Shields        | 1 3 5 |  5.9
Axes           | 4 7 |  7.7
Throwing       | |  0.2
Evocations     | |  0.1

Action                   |  1- 3 |  4- 6 |  7- 9 | 10-12 | 13-15 || total
-------------------------+-------+-------+-------+-------+-------++-------
Melee: Scimitar          |    76 |   142 |   336 |   698 |   228 ||  1480
       Kick              |    11 |    23 |    75 |   236 |   353 ||   698
       Falchion          |       |       |       |   155 |       ||   155
       Broad axe         |       |       |       |       |   866 ||   866
Throw: Boomerang         |       |       |       |     5 |     7 ||    12
Invok: Depart the Abyss  |     1 |       |       |       |       ||     1
       Banish            |       |       |       |    13 |     6 ||    19
       Corrupt           |       |       |       |       |     1 ||     1
Evoke: Wand              |       |       |     3 |       |       ||     3
  Use: Scroll            |       |     7 |     8 |    27 |     8 ||    50
       Potion            |       |     2 |       |     1 |     2 ||     5
 Stab: Petrified         |       |       |       |       |     9 ||     9
       Confused          |       |       |       |       |     2 ||     2
       Paralysed         |       |       |       |       |     8 ||     8
  Eat: Chunk             |       |    10 |     8 |    24 |    27 ||    69
       Ration            |       |       |     1 |     3 |     4 ||     8
Armor: Ring mail         |    19 |    74 |   187 |    10 |       ||   290
       Chain mail        |    50 |    10 |       |   463 |  1030 ||  1553
Dodge: Dodged            |    24 |    60 |   152 |   165 |   329 ||   730
Block: Buckler           |       |       |    13 |   404 |   940 ||  1357
       Reflection        |       |       |       |     8 |    29 ||    37
       Rpst.: Scimitar   |     9 |    18 |    45 |    26 |    18 ||   116
       Falchion          |       |       |       |    10 |       ||    10

Table legend:
 A = Non-vault XP
 B = Vault XP
 C = Vault XP percentage of total XP
 D = Non-vault monster count
 E = Vault monster count
 F = Vault count percentage of total count
                 A         B        C        D         E       F
            +---------+---------+-------+---------+---------+-------
      Total |   72257 |   35441 |  32.9 |     489 |     266 |  35.2
            +---------+---------+-------+---------+---------+-------
        D:1 |      56 |       5 |   8.2 |      30 |       5 |  14.3
        D:2 |     122 |      13 |   9.6 |      25 |       7 |  21.9
        D:3 |      54 |       0 |   0.0 |      25 |       0 |   0.0
        D:4 |     316 |     257 |  44.9 |      17 |       8 |  32.0
        D:5 |     982 |       0 |   0.0 |      26 |       0 |   0.0
        D:6 |     926 |     858 |  48.1 |      25 |      16 |  39.0
        D:7 |    1152 |    1852 |  61.7 |      22 |      16 |  42.1
        D:8 |    1546 |       0 |   0.0 |      29 |       0 |   0.0
        D:9 |     520 |       0 |   0.0 |      14 |       0 |   0.0
       D:10 |    3049 |     575 |  15.9 |      44 |      17 |  27.9
       D:11 |    1355 |    1393 |  50.7 |      16 |       6 |  27.3
       D:12 |    8241 |    3025 |  26.9 |      44 |       2 |   4.3
       D:13 |    3776 |    7091 |  65.3 |      22 |      12 |  35.3
       D:14 |   11969 |       0 |   0.0 |      41 |       0 |   0.0
       D:15 |    9790 |    2734 |  21.8 |      22 |       5 |  18.5
     Lair:1 |    3740 |     537 |  12.6 |      12 |       4 |  25.0
     Lair:2 |    5155 |    3743 |  42.1 |      11 |      43 |  79.6
     Lair:3 |    3314 |    1478 |  30.8 |      14 |      12 |  46.2
     Lair:4 |    1661 |    1346 |  44.8 |       4 |       2 |  33.3
     Lair:5 |    1814 |    1507 |  45.4 |       9 |      10 |  52.6
     Lair:6 |   12719 |    6485 |  33.8 |      37 |      35 |  48.6
    Ossuary |       0 |     245 | 100.0 |       0 |      27 | 100.0
     Bailey |       0 |    2297 | 100.0 |       0 |      39 | 100.0
            +---------+---------+-------+---------+---------+-------
